 Dungeon Crawl Stone Soup version 0.25-a0-86-ga6f17ae7d4 (webtiles) character file.

Game seed: 16498611448305535432, levelgen mode: deterministic

207 CasualChangeling the Ruffian (level 5, 0/44 HPs)
             Began as a Draconian Transmuter on Nov 9, 2019.
             Was a Follower of Nemelex Xobeh.
             Slain by a gnoll
             ... wielding a cursed -2 spear
              (12 damage)
             ... on level 4 of the Dungeon.
             The game lasted 00:08:49 (3271 turns).

CasualChangeling the Ruffian (Draconian Transmuter) Turns: 3271, Time: 00:08:50

Health: 0/44       AC:  7    Str: 13    XL:     5   Next: 54%
Magic:  4/9        EV: 12    Int: 14    God:    Nemelex Xobeh [*.....]
Gold:   220        SH:  0    Dex: 11    Spells: 4/10 levels left

rFire    . . .     SeeInvis .     - Unarmed
rCold    . . .     Gourm    .   (no shield)
rNeg     . . .     Faith    .   (armour unavailable)
rPois    .         Spirit   .   (helmet restricted)
rElec    .         Reflect  .   (no cloak)
rCorr    .         Harm     .   h - +1 pair of gloves
MR       .....                  (no boots)
Stlth    +.........             (no amulet)
HPRegen  0.14/turn              d - ring of wizardry
MPRegen  0.11/turn              (no ring)

@: no status effects
A: unfitting armour, cold-blooded, AC +5
a: Draw Escape, Draw Destruction, Draw Summoning, Renounce Religion


You were on level 4 of the Dungeon.
You worshipped Nemelex Xobeh.
Nemelex Xobeh was aware of your devotion.
You were not hungry.

You visited 1 branch of the dungeon, and saw 4 of its levels.

You collected 220 gold pieces.

Inventory:

Missiles
 a - 37 arrows
 j - 25 poisoned darts (quivered)
 t - 2 throwing nets
Armour
 h - a +1 pair of gloves (worn)
Jewellery
 d - a ring of wizardry (left hand)
Wands
 p - a wand of random effects (19)
Scrolls
 b - 4 scrolls of teleportation
 e - a scroll of blinking {unknown}
 f - 3 scrolls of immolation {unknown}
 i - 4 scrolls of identify {unknown}
 k - a scroll of remove curse {unknown}
 m - a scroll of noise {unknown}
 q - a scroll of magic mapping {unknown}
Potions
 g - a potion of agility {unknown}
 l - 2 potions of curing {unknown}
 n - 2 potions of haste {unknown}
 o - a potion of invisibility {unknown}
 r - a potion of degeneration {unknown}
 s - a potion of might {unknown}
Comestibles
 c - 7 rations


   Skills:
 + Level 2.8 Fighting
 - Level 1.7 Dodging
 + Level 3.9 Unarmed Combat
 + Level 3.0 Spellcasting
 + Level 3.2 Transmutations
 + Level 1.7 Invocations


You had 4 spell levels left.
You knew the following spells:

 Your Spells              Type           Power        Failure   Level  Hunger
a - Beastly Appendage     Tmut           ##....       2%          1    #......
b - Sticks to Snakes      Tmut           ##......     3%          2    ##.....
c - Spider Form           Tmut/Pois      #.........   13%         3    ###....

Your spell library contained the following spells:

 Spells                   Type           Power        Failure   Level  Hunger
 Ice Form                 Ice/Tmut       #.......     38%         4    #####..
 Blade Hands              Tmut           ##........   52%         5    ######.


Dungeon Overview and Level Annotations

Branches:
Dungeon (4/15)
 Temple: D:4-7

Altars:
Gozag
Nemelex Xobeh


Innate Abilities, Weirdness & Mutations

Your plain brown scales are hard. (AC +5)
You cannot fit into any form of body armour.
You are cold-blooded and may be slowed by cold attacks.


Message History

Your ball python closely misses the gnoll.
The gnoll hits you but does no damage.
Your ball python bites the gnoll but does no damage.
Your ball python grabs the gnoll.
Your ball python constricts the gnoll.
The gnoll struggles to escape constriction.
Your ball python bites the gnoll but does no damage.
Your ball python constricts the gnoll.
The gnoll struggles to escape constriction.
Casting: Sticks to Snakes (safe; 3% risk of failure)
Confirm with . or Enter, or press ? or * to list all spells.
You create a snake!
You now have 37 arrows.
Your ball python bites the gnoll.
Your ball python constricts the gnoll.
The gnoll hits your ball python with a cursed -2 spear!
Your ball python dies!
The gnoll shouts!
You swap places.
You swap places.
The gnoll hits you from afar with a cursed -2 spear!
You die...
Your body disappears without a glow.

#.#.#######.#
#.#..<....#.#
#.###.###.#.#
####.....# #.#.#
#........###.#.#
#..........#.#.#
#........#.#.#.#
######S#...^.#.##
#@#####<...#
#..g.......# ##
##########)# ...
#g..# .... #.###
..... #...#
......#######.#
.......g.gsg.s#
#####.#########


You could see a gnoll and a friendly ball python.

Vanquished Creatures
  A bullfrog zombie (D:2)
  4 gnolls
  5 adders
  3 worms
  A leopard gecko (D:1)
  An orc (D:3)
  2 ball pythons
  14 bats
  4 giant cockroaches
  10 goblins
  7 hobgoblins
  4 jackals
  2 frilled lizards (D:2)
  2 kobolds (D:3)
  9 rats
69 creatures vanquished.

Vanquished Creatures (collateral kills)
  A gnoll (D:4)
  An adder (D:3)
  3 jackals
5 creatures vanquished.

Grand Total: 74 creatures vanquished

Notes
Turn   | Place    | Note
-------+----------+-------------------------------------------
     0 | D:1      | CasualChangeling the Draconian Transmuter began the quest
                  | for the Orb.
     0 | D:1      | Reached XP level 1. HP: 16/16 MP: 3/3
   209 | D:1      | Reached XP level 2. HP: 22/23 MP: 5/5
   816 | D:2      | Reached XP level 3. HP: 13/29 MP: 4/6
  1325 | D:2      | Found an opulent altar of Gozag.
  1325 | D:2      | Found a sparkling altar of Nemelex Xobeh.
  1332 | D:2      | Became a worshipper of Nemelex Xobeh the Trickster
  1398 | D:2      | Learned a level 2 spell: Sticks to Snakes
  1402 | D:2      | Learned a level 3 spell: Spider Form
  1438 | D:2      | Reached XP level 4. HP: 11/37 MP: 3/8
  1752 | D:2      | Reached skill level 1 in Invocations
  2075 | D:2      | Reached XP level 5. HP: 32/42 MP: 5/9
  2332 | D:3      | Received a gift from Nemelex Xobeh
  3181 | D:4      | Reached * piety under Nemelex Xobeh
  3271 | D:4      | Slain by a gnoll

Levels and vault maps discovered:
D:1:      minmay_arrival_checkered_box, layout_loops_ring
D:2:      layout_basic, grunt_temple_overflow_opulence, chequers_garden,
          minivault_14
D:3:      layout_basic, first_ration, minmay_circle_x
D:4:      layout_basic, uniq_ijyb

Skill      XL: |  1  2  3  4  5 |
---------------+----------------+-----
Fighting       | 2 |  2.8
Invocations    | 1 |  1.7
Transmutations | 3 |  3.2
Spellcasting   | 3 |  3.0
Dodging        | |  1.7
Unarmed Combat | |  3.9

Action                   |  1- 3 |  4- 6 || total
-------------------------+-------+-------++-------
Melee: Unarmed           |   115 |   113 ||   228
       Tailslap          |    10 |    10 ||    20
       Headbutt          |     6 |     6 ||    12
       Punch             |     3 |     1 ||     4
       Kick              |     7 |     3 ||    10
 Cast: Beastly Appendage |    20 |    15 ||    35
       Spider Form       |     1 |     2 ||     3
       Sticks to Snakes  |       |    12 ||    12
 Abil: Draw Destruction  |       |     2 ||     2
  Use: Potion            |     2 |       ||     2
       Scroll            |       |     1 ||     1
 Stab: Sleeping          |     1 |     1 ||     2
  Eat: Chunk             |     2 |     7 ||     9
Armor: Skin              |    59 |    40 ||    99
Dodge: Dodged            |    79 |    94 ||   173

Table legend:
 A = Non-vault XP
 B = Vault XP
 C = Vault XP percentage of total XP
 D = Non-vault monster count
 E = Vault monster count
 F = Vault count percentage of total count
                 A         B        C        D         E       F
            +---------+---------+-------+---------+---------+-------
      Total |     275 |      21 |   7.1 |      67 |       7 |   9.5
            +---------+---------+-------+---------+---------+-------
        D:1 |      26 |       0 |   0.0 |      14 |       0 |   0.0
        D:2 |     182 |       0 |   0.0 |      32 |       0 |   0.0
        D:3 |      40 |      21 |  34.4 |      18 |       7 |  28.0
        D:4 |      27 |       0 |   0.0 |       3 |       0 |   0.0
            +---------+---------+-------+---------+---------+-------
